 Dungeon Sprint DCSS version 0.24-a0-525-g9231cdcba1 (webtiles) character file.

Game seed: 2459369997671875924

495671 Atelerd the Champion of Chaos (level 20, 153/153 HPs)
             Began as a Gargoyle Fighter on Aug 2, 2019.
             Was the Champion of Makhleb.
             Escaped with the Orb!
             The game lasted 00:30:58 (2806 turns).

Atelerd the Champion of Chaos (Gargoyle Fighter)    Turns: 2806, Time: 00:30:58

Health: 153/153    AC: 58    Str: 33    XL:     20   Next: 18%
Magic:  50/50      EV: 26    Int:  7    God:    Makhleb [******]
Gold:   0          SH: 17    Dex: 13    Spells: 54/63 levels left

rFire    + . .     SeeInvis .   N - +7 sceptre of Torment {pain, torment}
rCold    + . .     Gourm    .   a - +2 shield of Resistance {rF+ rC+ MR+}
rNeg     + . .     Faith    .   H - +15 Maxwell's patent armour {-Cast -Tele rElec MR+ rCorr}
rPois    ∞         Spirit   .   (helmet restricted)
rElec    +         Reflect  .   (no cloak)
rCorr    +         Harm     .   o - +2 pair of gloves {Str+3}
MR       +++++     Rnd*Rage +   Z - +0 pair of boots {Fly} Stlth ..........NoTele +
                                w - necklace of Bloodlust {*Rage +Rage MR++ Int-3 Slay+6 *Curse} (curse)
HPRegen  0.75/turn NoCast   +   B - +6 ring of strength
MPRegen  0.32/turn              U - +5 ring of evasion

@: flying, studying 4 skills
A: big wings, horns 1, high mp 1, negative energy resistance 1, regeneration 1,
screaming 1, electricity resistance, unbreathing, petrification resistance, rot
immunity, AC +15
0: Orb of Zot
a: Stop Flying, Minor Destruction, Lesser Servant of Makhleb, Major Destruction,
Greater Servant of Makhleb, Renounce Religion, Evoke Berserk Rage


You escaped.
You worshipped Makhleb.
Makhleb was exalted by your worship.
You were not hungry.

You visited 1 branch

Inventory:

Hand Weapons
 I - the +7 great mace "Firestarter" {inner flame, rF++}
   (You found it in the Dungeon)

   It has been specially enchanted to burn those struck by it, causing extra
   injury to most foes and up to half again as much damage against particularly
   susceptible opponents.
   It greatly protects you from fire.
 L - the +8 glaive of the Guard {elec, +Rage AC+5 SInv}
   (You found it in the Dungeon)

   Occasionally, upon striking a foe, it will discharge some electrical energy
   and cause terrible harm.
   It affects your AC (+5).
   It lets you see invisible.
   It lets you go berserk.
 N - the +7 sceptre of Torment (weapon) {pain, torment}
   (You found it in the Dungeon)

   In the hands of one skilled in necromantic magic, it inflicts extra damage on
   living creatures.
Armour
 a - the +2 shield of Resistance (worn) {rF+ rC+ MR+}
   (You found it in the Dungeon)

   It protects you from fire.
   It protects you from cold.
   It affects your resistance to hostile enchantments.
 o - a +2 pair of gloves of strength (worn)
 H - the +15 Maxwell's patent armour (worn) {-Cast -Tele rElec MR+ rCorr}
   (You found it in the Dungeon)

   It insulates you from electricity.
   It affects your resistance to hostile enchantments.
   It prevents spellcasting.
   It prevents most forms of teleportation.
   It provides partial protection from all sources of acid and corrosion.
 Z - a +0 pair of boots of flying (worn)
Jewellery
 b - the amulet "Dekas" {+Rage rElec Int+3 Slay+5 SInv}
   (You found it in the Dungeon)

   [amulet of rage]

   It affects your intelligence (+3).
   It affects your accuracy and damage with ranged weapons and melee attacks
   (+5).
   It insulates you from electricity.
   It lets you see invisible.
   It lets you go berserk.
 d - the amulet of the Four Winds {rN+ MR+++ Clar}
   (You found it in the Dungeon)

   [amulet of nothing]

   It protects you from negative energy.
   It affects your resistance to hostile enchantments.
   It protects you against confusion.
 w - the cursed necklace of Bloodlust (around neck) {*Rage +Rage MR++ Int-3 Slay+6 *Curse}
   (You found it in the Dungeon)

   [amulet of rage]

   It affects your intelligence (-3).
   It affects your accuracy and damage with ranged weapons and melee attacks
   (+6).
   It affects your resistance to hostile enchantments.
   It lets you go berserk.
   It may make you go berserk in combat.
   It curses itself when equipped.
   It has a curse placed upon it.
 A - the ring of Shadows {Umbra +Inv Stlth+}
   (You found it in the Dungeon)

   [ring of stealth]

   It lets you turn invisible.
   It makes you more stealthy.
 B - a +6 ring of strength (left hand)
 C - a +5 ring of evasion
 J - the ring "Suimp" {EV+4 Stlth+}
   (You found it in the Dungeon)

   [ring of evasion]

   It affects your evasion (+4).
   It makes you more stealthy.
 K - the ring of Exhibitionism {Wiz Int+5 SInv Stlth-}
   (You found it in the Dungeon)

   [ring of wizardry]

   It improves your spell success rate.
   It affects your intelligence (+5).
   It lets you see invisible.
   It makes you less stealthy.
 M - an uncursed ring of protection from magic
 Q - the ring "Icym" {+Fly Str+4 Int+4 SInv}
   (You found it in the Dungeon)

   [ring of flight]

   It affects your strength (+4).
   It affects your intelligence (+4).
   It lets you see invisible.
   It lets you fly.
 R - a +2 ring of strength
 S - an uncursed ring of ice
 T - an uncursed amulet of faith
 U - a +5 ring of evasion (right hand)
 V - an uncursed ring of positive energy
 W - an uncursed ring of protection from fire
Wands
 E - a wand of disintegration (7)
 F - a wand of iceblast (6)
 G - a wand of acid (6)
Scrolls
 k - 4 scrolls of blinking
 q - 4 scrolls of amnesia
 r - 7 scrolls of fog
 s - 2 scrolls of holy word
 t - 5 scrolls of identify
 u - 5 scrolls of remove curse
 v - 2 scrolls of fear
 y - 3 scrolls of brand weapon
Potions
 c - a potion of might
 e - 11 potions of curing
 g - 7 potions of heal wounds
 h - 9 potions of haste
 i - 8 potions of magic
 j - a potion of berserk rage
 l - 2 potions of brilliance
 m - a potion of invisibility
 n - 4 potions of resistance
 p - 2 potions of agility
Books
 x - a manual of Short Blades
 z - a manual of Bows
 P - a manual of Axes
 X - a manual of Charms
Miscellaneous
 D - a lightning rod (4/4)
 O - 8 phantom mirrors
 Y - a lightning rod (4/4)
Comestibles
 f - 8 rations


   Skills:
 - Level 25.5 Fighting
 - Level 23.7 Maces & Flails
 - Level 25.4 Armour
 - Level 22.5 Dodging
 - Level 15.2 Shields
 * Level 22.1 Spellcasting
 * Level 19.1 Summonings
 - Level 26.3 Invocations
 - Level 16.7 Evocations


You had 54 spell levels left.
You knew the following spells:

 Your Spells              Type           Power        Failure   Level  Hunger
a - Dragon's Call         Summ           ####......   99%         9    #######

Your spell library contained the following spells:

 Spells                   Type           Power        Failure   Level  Hunger
 Summon Butterflies       Summ           ####....     0%          1    None
 Summon Small Mammal      Summ           ####         0%          1    None
 Recall                   Summ/Tloc      N/A          1%          3    None
 Aura of Abjuration       Summ           ####......   1%          5    #####..
 Summon Demon             Summ           ####......   1%          5    #####..
 Shadow Creatures         Summ           N/A          1%          6    ######.
 Summon Lightning Spire   Summ/Air       ###.....     2%          4    ###....
 Summon Hydra             Summ           ####......   4%          7    #######
 Summon Forest            Summ/Tloc      ###.......   7%          5    #####..
 Summon Mana Viper        Hex/Summ       ###.....     7%          5    #####..
 Animate Skeleton         Necr           N/A          13%         1    None
 Apportation              Tloc           #.....       13%         1    None
 Confusing Touch          Hex            #.....       13%         1    None
 Corona                   Hex            #......      13%         1    None
 Flame Tongue             Conj/Fire      #....        13%         1    None
 Infusion                 Chrm           #...         13%         1    None
 Pain                     Necr           #...         13%         1    None
 Shock                    Conj/Air       #...         13%         1    None
 Sting                    Conj/Pois      #...         13%         1    None
 Blink                    Tloc           N/A          21%         2    None
 Corpse Rot               Necr           N/A          21%         2    None
 Ensorcelled Hibernation  Hex/Ice        #.....       21%         2    None
 Passwall                 Tmut/Erth      #.......     21%         2    None
 Poisonous Vapours        Pois/Air       #.....       21%         2    None
 Shroud of Golubria       Chrm/Tloc      #.....       21%         2    None
 Slow                     Hex            #.......     21%         2    None
 Song of Slaying          Chrm           #.......     21%         2    None
 Sticks to Snakes         Tmut           #.......     21%         2    None
 Swiftness                Chrm/Air       #.......     21%         2    None
 Throw Flame              Conj/Fire      #.....       21%         2    None
 Throw Frost              Conj/Ice       #.....       21%         2    None
 Conjure Flame            Conj/Fire      #.......     36%         3    None
 Gell's Gravitas          Tloc           #.........   36%         3    None
 Ignite Poison            Fire/Tmut/Pois #.......     36%         3    None
 Inner Flame              Hex/Fire       #.......     36%         3    None
 Lesser Beckoning         Tloc           #.........   36%         3    None
 Mephitic Cloud           Conj/Pois/Air  #.......     36%         3    None
 Ozocubu's Armour         Chrm/Ice       #.......     36%         3    None
 Portal Projectile        Hex/Tloc       #.....       36%         3    None
 Regeneration             Chrm/Necr      #.........   36%         3    None
 Spectral Weapon          Hex/Chrm       #.......     36%         3    None
 Static Discharge         Conj/Air       #.......     36%         3    None
 Stone Arrow              Conj/Erth      #.....       36%         3    None
 Teleport Other           Tloc           #.......     36%         3    None
 Tukima's Dance           Hex            #.......     36%         3    None
 Airstrike                Air            #.........   78%         4    ###....
 Animate Dead             Necr           N/A          78%         4    ###....
 Cause Fear               Hex            #.........   78%         4    ###....
 Ice Form                 Ice/Tmut       #.......     78%         4    ###....
 Leda's Liquefaction      Hex/Erth       #.........   78%         4    ###....
 Olgreb's Toxic Radiance  Pois           #.......     78%         4    ###....
 Petrify                  Tmut/Erth      #.......     78%         4    ###....
 Spellforged Servitor     Conj/Summ      ###.......   91%         7    #######
 Agony                    Necr           #.......     98%         5    #####..
 Alistair's Intoxication  Tmut/Pois      #.......     98%         5    #####..
 Bolt of Draining         Conj/Necr      #.........   98%         5    #####..
 Borgnjor's Vile Clutch   Necr/Erth      #.........   98%         5    #####..
 Dispel Undead            Necr           #.......     98%         5    #####..
 Excruciating Wounds      Chrm/Necr      #.........   98%         5    #####..
 Fireball                 Conj/Fire      #.........   98%         5    #####..
 Irradiate                Conj/Tmut      #.........   98%         5    #####..
 Iskenderun's Battlesphe  Conj/Chrm      #.......     98%         5    #####..
 Lee's Rapid Deconstruct  Erth           #.........   98%         5    #####..
 Lightning Bolt           Conj/Air       #.........   98%         5    #####..
 Metabolic Englaciation   Hex/Ice        #.........   98%         5    #####..
 Silence                  Hex/Air        #.........   98%         5    #####..
 Venom Bolt               Conj/Pois      #.........   98%         5    #####..
 Yara's Violent Unravell  Hex/Tmut       #.........   98%         5    #####..
 Bolt of Cold             Conj/Ice       #.........   100%        6    ######.
 Bolt of Fire             Conj/Fire      #.........   100%        6    ######.
 Conjure Ball Lightning   Conj/Air       #.........   100%        6    ######.
 Darkness                 Hex            #.........   100%        6    ######.
 Death Channel            Necr           #.........   100%        6    ######.
 Deflect Missiles         Chrm/Air       #.........   100%        6    ######.
 Dispersal                Tloc           #.........   100%        6    ######.
 Freezing Cloud           Conj/Ice/Air   #.........   100%        6    ######.
 Hydra Form               Tmut           #.........   100%        6    ######.
 Invisibility             Hex            #.......     100%        6    ######.
 Ozocubu's Refrigeration  Ice            #.........   100%        6    ######.
 Poison Arrow             Conj/Pois      #.........   100%        6    ######.
 Simulacrum               Ice/Necr       #.........   100%        6    ######.
 Dragon Form              Tmut           #.........   100%        7    #######
 Ring of Flames           Chrm/Fire      #.........   100%        7    #######
 Chain Lightning          Conj/Air       #.........   100%        8    #######
 Ignition                 Fire           #.........   100%        8    #######
 Lehudib's Crystal Spear  Conj/Erth      #.........   100%        8    #######
 Fire Storm               Conj/Fire      #.........   100%        9    #######
 Glaciate                 Conj/Ice       #.........   100%        9    #######
 Shatter                  Erth           #.........   100%        9    #######
 Tornado                  Air            #.........   100%        9    #######
 Sublimation of Blood     Necr           Unusable     N/A         2    N/A
 Passage of Golubria      Tloc           Unusable     N/A         4    N/A
 Statue Form              Tmut/Erth      Unusable     N/A         6    N/A

Dungeon Overview and Level Annotations

Branches:
Dungeon (1/1)

Altars:
Ashenzari
Cheibriados
Dithmenos
Elyvilon
Fedhas
Gozag
Hepliaklqana
Kikubaaqudgha
Makhleb
Nemelex Xobeh
Okawaru
Qazlal
Ru
Sif Muna
Trog
Uskayaw
Vehumet
Wu Jian
Xom
Yredelemnul
Zin
The Shining One
Beogh
Jiyva
Lugonu


Innate Abilities, Weirdness & Mutations

You are resistant to torment.
Your stone body is resilient. (AC +15)
You are immune to poison.
Your large and strong wings let you fly indefinitely.
You resist negative energy. (rN+)
You are resistant to electric shocks. (rElec)
You can survive without breathing.
You are immune to petrification.
You are immune to rotting.
You have a pair of small horns on your head.
You have an increased reservoir of magic. (+10% MP)
Your natural rate of healing is unusually fast.
You occasionally shout uncontrollably at your foes.


Message History

There is a transporter here.
An exit appears before you!
You enter the transporter and appear at another place.
Found the Orb of Zot.
Found a staircase leading out of the dungeon.
Unknown command.
Unknown command.
You see here the Orb of Zot.
You swap places.
You see here the Orb of Zot.
You pick up the Orb of Zot!
The Orb lets out a hideous shriek!
The lords of Pandemonium are not amused.
Beware!
Now all you have to do is get back out of the dungeon!
You swap places.
There is a staircase leading out of the dungeon here.
You swap places.
You swap places.
Your balrug disappears in a puff of smoke!
There is a staircase leading out of the dungeon here.
You have escaped!

.%....%.....▓.........))..▓...8©8
...)........▓..▓...%...▓†)▓....[.
...))%(....%▓......)....)[▓..)}.)
..))()......▓.......[..)†)▓......
...)))%....%▓......©....).▓......
.(..((...%..▓▓▓▓▓▓▓▓▓▓▓▓▓▓▓....).
▓...(..%▓...▓8888888888888▓....))
▓▓.....▓▓▓..▓8...........8▓....†)
▓.......▓...▓8..@.....©..8▓.▓....
...%........▓8...........8▓....©.
....©.......▓8888888888888▓▓▓▓▓▓▓
▓▓▓▓▓▓▓▓▓▓▓▓▓▓▓▓▓▓▓▓▓▓▓▓▓▓▓▓▓▓▓▓▓
.....8©8........▓.....(..8©8(..(.
.:.:)..[[.).|)[.▓..:....|)))[.((.
||.}|)[}.)[)|)).▓...:(.|))(((}"..
|)=|[:)|[.).|.).▓.[|[([()))()(}[|
................▓......()))()()..


There were no monsters in sight!

Vanquished Creatures
  Saint Roka (D)
  Nikola (D)
  2 liches (D)
  3 titans (D)
  3 deep elf blademasters (D)
  A quicksilver dragon (shapeshifter) (D)
  6 deep elf master archers (D)
  Polyphemus (D)
  3 acid blobs (shapeshifter) (D)
  2 krakens (D)
  A shadow dragon (shapeshifter) (D)
  Kirke (D)
  A thorn hunter (D)
  A shadow dragon (D)
  2 azure jellies (shapeshifter) (D)
  Roxanne (D)
  3 draconian monks (D)
  Donald (D)
  A fire giant (shapeshifter) (D)
  4 frost giants (D)
  An iron dragon (shapeshifter) (D)
  A deep elf sorcerer (D)
  6 fire giants (D)
  2 ghost moths (shapeshifter) (D)
  3 draconian knights (D)
  4 draconian shifters (D)
  2 ghouls (D)
  2 draconian stormcallers (D)
  5 vampire knights (D)
  3 draconian annihilators (D)
  6 spriggan defenders (D)
  15 green draconians (D)
  15 stone giants (D)
  2 apis (D)
  A dire elephant (D)
  14 red draconians (D)
  An entropy weaver (shapeshifter) (D)
  A deep elf annihilator (D)
  A dire elephant (shapeshifter) (D)
  16 white draconians (D)
  A spark wasp (shapeshifter) (D)
  7 ettins (D)
  11 black draconians (D)
  10 merfolk javelineers (D)
  13 yellow draconians (D)
  15 purple draconians (D)
  Josephine (D)
  3 merfolk impalers (D)
  4 yaktaur captains (D)
  A deep elf high priest (D)
  Erolcha (D)
  2 centaur warriors (D)
  11 spriggan air magi (D)
  Harold (D)
  3 naga warriors (D)
  8 shambling mangroves (D)
  An anaconda (shapeshifter) (D)
  Erica (D)
  2 dancing weapons (D)
  A two-headed ogre (shapeshifter) (D)
  A satyr (D)
  12 spriggan berserkers (D)
  A hell hog (D)
  A vampire mage (D)
  A deep elf knight (D)
  3 soul eaters (D)
  2 shock serpents (shapeshifter) (D)
  6 skeletal warriors (D)
  A death drake (shapeshifter) (D)
  5 spriggan druids (D)
  A swamp dragon (shapeshifter) (D)
  2 deep elf archers (D)
  2 harpies (shapeshifter) (D)
  2 harpies (D)
  A shining eye (shapeshifter) (D)
  A mana viper (shapeshifter) (D)
  5 necromancers (D)
  5 deep elf magi (D)
  A wolf spider (shapeshifter) (D)
  2 manticores (D)
  9 cyclopes (D)
  A large abomination (D)
  A salamander (shapeshifter) (D)
  5 draconians (D)
  A guardian serpent (shapeshifter) (D)
  A water nymph (shapeshifter) (D)
  2 torpor snails (shapeshifter) (D)
  Joseph (D)
  3 water nymphs (D)
  2 naga magi (D)
  2 black mambas (D)
  A spiny frog (shapeshifter) (D)
  4 dryads (D)
  7 yaktaurs (D)
  3 freezing wraiths (D)
  2 ice devils (D)
  A tormentor (D)
  2 red devils (D)
  A troll (shapeshifter) (D)
  Prince Ribbit (D)
  5 merfolk (D)
  2 wind drakes (D)
  A meliai (shapeshifter) (D)
  15 hornets (D)
  2 polar bears (shapeshifter) (D)
  A queen bee (shapeshifter) (D)
  A merfolk (shapeshifter) (D)
  2 blink frogs (shapeshifter) (D)
  2 dream sheep (shapeshifter) (D)
  2 hippogriffs (shapeshifter) (D)
  A slime creature (shapeshifter) (D)
  An air elemental (D)
  6 shadows (D)
  4 vampires (D)
  A redback (D)
  A water elemental (D)
  A yak (shapeshifter) (D)
  7 spriggans (D)
  A yak (D)
  A human (shapeshifter) (D)
  An acid dragon (shapeshifter) (D)
  2 nagas (D)
  2 hell hounds (D)
  4 water moccasins (D)
  2 porcupines (D)
  A water moccasin (shapeshifter) (D)
  3 floating eyes (shapeshifter) (D)
  2 ice beasts (D)
  3 orc warriors (D)
  A sky beast (shapeshifter) (D)
  An ice beast (shapeshifter) (D)
  6 black bears (D)
  3 necrophages (D)
  3 wolves (D)
  8 centaurs (D)
  A killer bee (shapeshifter) (D)
  7 wights (D)
  A crimson imp (D)
  An iron imp (D)
  2 orc priests (D)
  2 orc wizards (D)
  Terence (D)
  3 adders (D)
  A river rat (D)
  3 white imps (D)
  2 ufetubi (D)
  2 spectral adders (D)
  9 adder skeletons (D)
  4 adder zombies (D)
  2 orcs (D)
  3 spectral bats (D)
  6 bat skeletons (D)
  7 bat zombies (D)
  2 jackals (D)
  A ball python (D)
  2 ball python zombies (D)
  A frilled lizard (shapeshifter) (D)
  3 giant cockroach zombies (D)
  A jackal skeleton (D)
  2 jackal zombies (D)
  A leopard gecko simulacrum (D)
  2 leopard gecko skeletons (D)
  A leopard gecko zombie (D)
  A quokka skeleton (D)
  3 quokka zombies (D)
  A spectral giant cockroach (D)
  A spectral jackal (D)
  A briar patch (D)
  7 tentacles (D)
528 creatures vanquished.

Vanquished Creatures (collateral kills)
  A fire giant (shapeshifter) (D)
  A swamp dragon (shapeshifter) (D)
  A wolf spider (shapeshifter) (D)
  An orb spider (shapeshifter) (D)
  A rime drake (shapeshifter) (D)
  An eye of draining (shapeshifter) (D)
6 creatures vanquished.

Vanquished Creatures (others)
  3 deep elf master archers (D)
  A deep elf death mage (D)
  2 yaktaur captains (D)
  A centaur warrior (D)
  A deep elf archer (D)
  2 cyclopes (D)
  2 yaktaurs (D)
  A centaur (D)
  2 briar patches (D)
  10 tentacles (D)
25 creatures vanquished.

Grand Total: 559 creatures vanquished

Notes
Turn   | Place    | Note
-------+----------+-------------------------------------------
     0 | D        | Atelerd the Gargoyle Fighter began the quest for the Orb.
     0 | D        | Reached XP level 1. HP: 14/14 MP: 1/1
     0 | D        | Found a blossoming altar of Fedhas.
     1 | D        | Found the +6 Majin-Bo {vamp, Archmagi MP+6 Int+6}
     1 | D        | Found the +7 great mace "Firestarter" {inner flame, rF++}
     1 | D        | Found a deep blue altar of Sif Muna.
     1 | D        | Found a sacrificial altar of Ru.
     1 | D        | Found a bloodstained altar of Trog.
     1 | D        | Found a stormy altar of Qazlal.
     1 | D        | Found an iron altar of Okawaru.
     1 | D        | Found a sparkling altar of Nemelex Xobeh.
     3 | D        | Found a transporter.
     3 | D        | Found an ancient bone altar of Kikubaaqudgha.
     3 | D        | Found a viscous altar of Jiyva.
     3 | D        | Found a corrupted altar of Lugonu.
     3 | D        | Found a hazy altar of Hepliaklqana.
     3 | D        | Found a burning altar of Makhleb.
     3 | D        | Found an opulent altar of Gozag.
    28 | D        | Found the +9 heavy crossbow "Sniper" {velocity, Acc+∞ SInv}
    28 | D        | Found the +10 dark maul {crush}
    28 | D        | Found the +15 Maxwell's patent armour {-Cast -Tele rElec
                  | MR+ rCorr}
    28 | D        | Found the +18 shield of the Gong {rElec rN+ MR+ EV-5}
    28 | D        | Found the cursed +14 obsidian axe {chop, +Fly SInv *Curse}
    30 | D        | Found the +6 shillelagh "Devastator" {shatter}
    30 | D        | Found the +11 plutonium sword {*Contam Stlth-}
    30 | D        | Found the +8 lance "Wyrmbane" {slay drac, rPois rF+ rC+
                  | AC+3}
    30 | D        | Found the +9 sword of Zonguldrok {reap}
    30 | D        | Found the cursed +13 scythe of Curses {drain, *Curse}
    30 | D        | Found the +0 sword of Power
    30 | D        | Found the +7 mace of Variability {chain chaos}
    30 | D        | Found the +7 Singing Sword {slice, sonic wave}
    30 | D        | Found the +8 storm bow {elec, penet}
    56 | D        | Reached XP level 2. HP: 20/20 MP: 2/2
    73 | D        | Became a worshipper of Makhleb the Destroyer
    82 | D        | Entered arena 2.
    82 | D        | Noticed a deep elf mage
    82 | D        | Noticed an air elemental
    82 | D        | Found a transporter.
    86 | D        | Noticed a red devil
    86 | D        | Killed a deep elf mage
    86 | D        | Reached XP level 3. HP: 16/29 MP: 3/3
    86 | D        | Reached XP level 4. HP: 19/35 MP: 4/4
    86 | D        | Reached XP level 5. HP: 21/39 MP: 5/5
    91 | D        | Killed an air elemental
    91 | D        | Reached XP level 6. HP: 26/46 MP: 6/6
   223 | D        | Entered arena 3.
   223 | D        | Noticed a hell hound
   223 | D        | Found a transporter.
   226 | D        | Killed a hell hound
   226 | D        | Reached * piety under Makhleb
   226 | D        | Reached XP level 7. HP: 51/51 MP: 7/7
   340 | D        | Entered arena 4.
   340 | D        | Noticed a large abomination
   340 | D        | Found a transporter.
   344 | D        | Reached ** piety under Makhleb
   355 | D        | Killed a large abomination
   355 | D        | Reached skill level 10 in Fighting
   355 | D        | Reached skill level 10 in Armour
   355 | D        | Reached XP level 8. HP: 56/59 MP: 8/8
   360 | D        | Reached *** piety under Makhleb
   402 | D        | Entered arena 5.
   402 | D        | Noticed a deep elf mage
   402 | D        | Noticed a +0 short sword of draining
   402 | D        | Noticed a deep elf mage
   402 | D        | Noticed a deep elf mage
   402 | D        | Found a transporter.
   405 | D        | Killed a +0 short sword of draining
   405 | D        | Killed a deep elf mage
   405 | D        | Reached XP level 9. HP: 66/66 MP: 9/9
   406 | D        | Killed a deep elf mage
   420 | D        | Killed a deep elf mage
   420 | D        | Reached **** piety under Makhleb
   432 | D        | Got the ring "Suimp" {EV+4 Stlth+}
   436 | D        | Got the +2 robe of the Locust {rF+ rN+++ Stlth-}
   440 | D        | Entered arena 6.
   440 | D        | Found a transporter.
   448 | D        | Reached ***** piety under Makhleb
   462 | D        | Entered arena 7.
   462 | D        | Noticed a naga mage
   462 | D        | Noticed a black mamba
   463 | D        | Found the +8 glaive of the Guard {elec, +Rage AC+5 SInv}
   463 | D        | Found a transporter.
   470 | D        | Killed a black mamba
   470 | D        | Reached XP level 10. HP: 63/74 MP: 10/10
   476 | D        | Killed a naga mage
   561 | D        | Entered arena 8.
   562 | D        | Found a transporter.
   566 | D        | Reached ****** piety under Makhleb
   585 | D        | Got the +9 pearl dragon scales "Weag" {rC+ rN+ Stlth+}
   588 | D        | Entered arena 9.
   588 | D        | Noticed a spriggan rider
   589 | D        | Identified the cursed +0 hunting sling of Gehenna {venom,
                  | MR+ Str+2 Int+2}
   589 | D        | Found a transporter.
   608 | D        | Reached skill level 15 in Fighting
   608 | D        | Reached skill level 15 in Armour
   623 | D        | Entered arena 10.
   623 | D        | Noticed a red draconian
   623 | D        | Noticed a draconian
   623 | D        | Noticed a draconian
   623 | D        | Noticed a draconian
   623 | D        | Noticed a white draconian
   623 | D        | Noticed a green draconian
   623 | D        | Noticed a draconian
   623 | D        | Noticed a draconian
   626 | D        | Found a transporter.
   627 | D        | Killed a draconian
   632 | D        | Killed a draconian
   633 | D        | Killed a draconian
   635 | D        | Killed a draconian
   635 | D        | Reached XP level 11. HP: 83/83 MP: 11/11
   637 | D        | Killed a draconian
   638 | D        | Killed a green draconian
   641 | D        | Killed a red draconian
   641 | D        | Reached skill level 15 in Maces & Flails
   645 | D        | Killed a white draconian
   689 | D        | Entered arena 11.
   690 | D        | Identified the +4 war axe "Killer Bee's Doom" {drain,
                  | Fragile +Rage rC+}
   690 | D        | Found a transporter.
   732 | D        | Entered arena 12.
   732 | D        | Noticed a hell hog
   741 | D        | Killed a hell hog
   749 | D        | Found a transporter.
   791 | D        | Got the Catalogue of the Birds
   801 | D        | Entered arena 13.
   801 | D        | Noticed a naga warrior
   801 | D        | Noticed a naga warrior
   802 | D        | Identified the ring of Dorros {Ice Int+3}
   802 | D        | Noticed a naga warrior
   811 | D        | Found a transporter.
   816 | D        | Killed a naga warrior
   817 | D        | Reached XP level 12. HP: 91/91 MP: 12/12
   819 | D        | Killed a naga warrior
   819 | D        | Reached skill level 5 in Dodging
   822 | D        | Killed a naga warrior
   846 | D        | Got the Reference Book on Earthen Ignition
   860 | D        | Entered arena 14.
   860 | D        | Noticed a vampire knight
   860 | D        | Identified the cursed +1 troll leather armour of Temperance
                  | {Regen+ Dex+3 SInv}
   866 | D        | Killed a vampire knight
   873 | D        | Found a transporter.
   916 | D        | Entered arena 15.
   917 | D        | Noticed a shadow dragon
   918 | D        | Noticed a soul eater
   927 | D        | Killed a shadow dragon
   928 | D        | Found a transporter.
   942 | D        | Killed a soul eater
   953 | D        | Got the amulet "Dekas" {+Rage rElec Int+3 Slay+5 SInv}
   997 | D        | Entered arena 16.
   998 | D        | Noticed Saint Roka
   998 | D        | Noticed Prince Ribbit
   998 | D        | Noticed Erica
   998 | D        | Noticed Erolcha
   998 | D        | Noticed Terence
   998 | D        | Noticed Harold
   998 | D        | Noticed Josephine
   998 | D        | Noticed Joseph
   998 | D        | Noticed Polyphemus
   999 | D        | Identified the +6 plate armour "Gainuv" {rPois rC+ rN+}
   999 | D        | Noticed Nikola
   999 | D        | Noticed Kirke
  1000 | D        | Identified the +9 rapier of Loyheimia {holy, Int+3}
  1000 | D        | Noticed Donald
  1009 | D        | Killed Kirke
  1009 | D        | Killed Prince Ribbit
  1009 | D        | Killed Terence
  1009 | D        | Reached skill level 1 in Invocations
  1009 | D        | Reached skill level 3 in Invocations
  1013 | D        | Killed Harold
  1013 | D        | Reached skill level 4 in Invocations
  1013 | D        | Reached XP level 13. HP: 45/99 MP: 12/16
  1014 | D        | Killed Donald
  1014 | D        | Reached skill level 5 in Invocations
  1016 | D        | Killed Saint Roka
  1016 | D        | Reached skill level 10 in Dodging
  1016 | D        | Reached skill level 7 in Invocations
  1019 | D        | Killed Josephine
  1019 | D        | Reached skill level 8 in Invocations
  1021 | D        | Killed Erica
  1022 | D        | Killed Erolcha
  1023 | D        | Killed Polyphemus
  1023 | D        | Reached skill level 9 in Invocations
  1032 | D        | Killed Joseph
  1034 | D        | Killed Nikola
  1034 | D        | Reached skill level 10 in Invocations
  1035 | D        | Noticed Roxanne
  1101 | D        | Found a transporter.
  1113 | D        | Killed Roxanne
  1193 | D        | Gained mutation: You have a pair of small horns on your
                  | head. [potion of mutation]
  1193 | D        | Gained mutation: You have an increased reservoir of magic.
                  | (+10% MP) [potion of mutation]
  1193 | D        | Gained mutation: Your natural rate of healing is unusually
                  | fast. [potion of mutation]
  1210 | D        | Entered arena 17.
  1213 | D        | Noticed a deep elf death mage
  1213 | D        | Noticed a deep elf blademaster
  1213 | D        | Noticed a deep elf master archer
  1213 | D        | Noticed a deep elf sorcerer
  1213 | D        | Noticed a deep elf annihilator
  1214 | D        | Found the +6 lightning scales {run, rElec}
  1214 | D        | Noticed a deep elf blademaster
  1215 | D        | Noticed a deep elf blademaster
  1215 | D        | Noticed a deep elf high priest
  1218 | D        | Killed a deep elf blademaster
  1218 | D        | Reached skill level 11 in Invocations
  1220 | D        | Killed a deep elf annihilator
  1223 | D        | Killed a deep elf death mage
  1224 | D        | Killed a deep elf blademaster
  1224 | D        | Gained mutation: Your large and strong wings let you fly
                  | indefinitely. [Gargoyle growth]
  1224 | D        | Reached XP level 14. HP: 50/107 MP: 24/24
  1225 | D        | Killed a deep elf blademaster
  1229 | D        | Killed a deep elf sorcerer
  1229 | D        | Reached skill level 12 in Invocations
  1235 | D        | Killed a deep elf master archer
  1236 | D        | Found a transporter.
  1245 | D        | Reached skill level 13 in Invocations
  1254 | D        | Got the ring of the Death Scarab {Ice *Contam rPois rN+
                  | Dex+5}
  1308 | D        | Entered arena 18.
  1312 | D        | Noticed a ghoul
  1321 | D        | Found a transporter.
  1326 | D        | Killed a ghoul
  1370 | D        | Entered arena 19.
  1374 | D        | Noticed an apis
  1375 | D        | Noticed a thorn hunter
  1388 | D        | Killed a thorn hunter
  1388 | D        | Reached skill level 14 in Invocations
  1398 | D        | Reached skill level 15 in Invocations
  1400 | D        | Killed an apis
  1406 | D        | Found the +2 robe of Vines {NoPotionHeal Regen+7}
  1406 | D        | Found the +2 shield of Resistance {rF+ rC+ MR+}
  1417 | D        | Found a transporter.
  1459 | D        | Entered arena 20.
  1466 | D        | Found a transporter.
  1476 | D        | Reached XP level 15. HP: 100/114 MP: 29/29
  1481 | D        | Reached skill level 15 in Dodging
  1527 | D        | Got the ring of Tigh {rElec rPois rF+++ MR- Stlth+}
  1529 | D        | Entered arena 21.
  1534 | D        | Noticed a kraken
  1534 | D        | Identified the ring of Vitol {+Fly rC+ rN+++ Slay-6 SInv}
  1536 | D        | Noticed a kraken
  1544 | D        | Reached skill level 16 in Invocations
  1547 | D        | Found a transporter.
  1555 | D        | Killed a kraken
  1561 | D        | Reached skill level 17 in Invocations
  1580 | D        | Killed a kraken
  1585 | D        | Got the Handbook of Dark Magic and Lightness
  1684 | D        | Entered arena 22.
  1688 | D        | Noticed a frost giant
  1688 | D        | Noticed a fire giant
  1688 | D        | Noticed a fire giant
  1688 | D        | Noticed a fire giant
  1689 | D        | Found the +4 dagger "Morg" {pain, MR+ Int+5}
  1689 | D        | Noticed a frost giant
  1691 | D        | Noticed a fire giant
  1691 | D        | Noticed a frost giant
  1691 | D        | Noticed a titan
  1691 | D        | Noticed a titan
  1691 | D        | Noticed a frost giant
  1691 | D        | Noticed a fire giant
  1691 | D        | Noticed a titan
  1692 | D        | Found the +7 sceptre of Torment {pain, torment}
  1692 | D        | Noticed a fire giant
  1697 | D        | Killed a fire giant
  1699 | D        | Killed a frost giant
  1700 | D        | Reached skill level 18 in Invocations
  1703 | D        | Killed a frost giant
  1709 | D        | Found a transporter.
  1711 | D        | Killed a frost giant
  1712 | D        | Killed a fire giant
  1715 | D        | Killed a titan
  1715 | D        | Reached skill level 19 in Invocations
  1715 | D        | Reached XP level 16. HP: 123/123 MP: 30/32
  1720 | D        | Killed a titan
  1726 | D        | Reached skill level 20 in Invocations
  1727 | D        | Killed a titan
  1754 | D        | Got the Reference Book on Noxious Black Arts
  1766 | D        | Got the Tome of Frigorific Changing
  1790 | D        | Entered arena 23.
  1790 | D        | Identified the cursed +1 halberd of Certain Death {freeze,
                  | rElec rF- MR++ MP+9}
  1798 | D        | Reached skill level 5 in Shields
  1798 | D        | Reached skill level 1 in Evocations
  1806 | D        | Reached skill level 1 in Spellcasting
  1807 | D        | Noticed a lich
  1807 | D        | Noticed a lich
  1818 | D        | Killed a lich
  1820 | D        | Killed a lich
  1820 | D        | Reached skill level 21 in Invocations
  1835 | D        | Found a transporter.
  1839 | D        | Reached skill level 5 in Evocations
  1853 | D        | Got the ring "Icym" {+Fly Str+4 Int+4 SInv}
  1896 | D        | Entered arena 24.
  1903 | D        | Found the cursed necklace of Bloodlust {*Rage +Rage MR++
                  | Int-3 Slay+6 *Curse}
  1903 | D        | Identified the cursed +1 rapier of the Pyrrhic Victory
                  | {venom, rF+ MP+9 SInv}
  1903 | D        | Identified the +9 morningstar of Kaicur {flame, -Tele rPois
                  | MR- Int+8}
  1903 | D        | Identified the amulet "Detsi" {Harm *Drain +Fly rPois Int+5
                  | Dex-5}
  1904 | D        | Found the ring of Shadows {Umbra +Inv Stlth+}
  1916 | D        | Reached skill level 5 in Spellcasting
  1924 | D        | Reached XP level 17. HP: 116/131 MP: 9/35
  1927 | D        | Reached skill level 22 in Invocations
  1942 | D        | Reached skill level 10 in Evocations
  1946 | D        | Reached skill level 10 in Shields
  1950 | D        | Found a transporter.
  1961 | D        | Got the ring of Exhibitionism {Wiz Int+5 SInv Stlth-}
  2005 | D        | Got Etzu's Collected Works on Assistive Intoxication
  2007 | D        | Got Sif Muna's Disquisition on the Frostbite and Earth
  2030 | D        | Entered arena 25.
  2041 | D        | Identified the +9 spear of a bailey {venom, rF+ SInv}
  2041 | D        | Identified the cursed +3 spear of Famine {venom, +Blink
                  | MP-9 Dex+5 SInv}
  2042 | D        | Identified the cursed +0 demon whip of the Iron City of Dis
                  | {elec, rPois rN+ MR+}
  2042 | D        | Identified the +9 falchion "Weethagef" {slice, Stlth+}
  2044 | D        | Identified a ring of the Octopus King {rCorr AC+1 EV+1
                  | Str+1 Int+1 Dex+1}
  2056 | D        | Reached skill level 23 in Invocations
  2086 | D        | Reached XP level 18. HP: 139/139 MP: 37/37
  2087 | D        | Reached skill level 24 in Invocations
  2100 | D        | Reached skill level 10 in Spellcasting
  2107 | D        | Found a transporter.
  2135 | D        | Got Raduub's Arcane Arts, Part Six
  2193 | D        | Entered arena 26.
  2203 | D        | Found the +4 robe of Augmentation {Str+4 Int+4 Dex+4}
  2203 | D        | Identified the ring of Umutud {Dex+2 SInv}
  2203 | D        | Identified the +7 morningstar of Purpose {freeze, Dex+2}
  2203 | D        | Identified the amulet of Xom's Esteem {Acrobat Fragile
                  | rPois rF+++ Str-5}
  2205 | D        | Found a transporter.
  2205 | D        | Identified the +9 long sword "Sim Gadd" {protect, rF+ Str-2
                  | Int+2}
  2229 | D        | Reached skill level 25 in Invocations
  2234 | D        | Reached skill level 15 in Evocations
  2265 | D        | Reached skill level 26 in Invocations
  2269 | D        | Reached XP level 19. HP: 147/147 MP: 34/39
  2274 | D        | Reached skill level 15 in Shields
  2317 | D        | Got the Reference Book on the Rocks and Self-Knowledge
  2352 | D        | Got the Tome of the Hurtful Snowflakes
  2370 | D        | Learned a level 9 spell: Dragon's Call
  2403 | D        | Entered arena 27.
  2412 | D        | Identified the +0 shortbow of Zagaufom {velocity, rC+++
                  | MP-9}
  2412 | D        | Identified the +3 great mace of the Hero {pain, rElec rF++}
  2413 | D        | Identified the +9 rapier of Disaster {drain, *Corrode +Rage
                  | rElec}
  2413 | D        | Identified the ring of Qazlal's Generosity {Wiz Dex+3 SInv}
  2414 | D        | Identified the +11 flail "Enumn" {drain, Fragile rPois
                  | Int-4 Stlth+}
  2415 | D        | Found a transporter.
  2426 | D        | Reached skill level 5 in Summonings
  2430 | D        | Reached skill level 15 in Spellcasting
  2435 | D        | Reached skill level 10 in Summonings
  2511 | D        | Got the Papyrus of Shifting Sinister Magic
  2515 | D        | Got Magg's Collected Works on Feathers
  2539 | D        | Entered arena 28.
  2547 | D        | Noticed a shard shrike
  2547 | D        | a glowing shapeshifter changed into a shard shrike
  2548 | D        | Noticed a shard shrike
  2548 | D        | Noticed a shard shrike
  2549 | D        | Noticed an iron giant
  2549 | D        | a shard shrike changed into an iron giant
  2551 | D        | Noticed a shard shrike
  2551 | D        | Identified the ring of the Kraken {rPois MP+9 Int+4}
  2551 | D        | Noticed an iron giant
  2551 | D        | a shard shrike changed into an iron giant
  2551 | D        | Noticed a juggernaut
  2551 | D        | a shard shrike changed into a juggernaut
  2551 | D        | Noticed a shard shrike
  2552 | D        | a juggernaut changed into a titan
  2553 | D        | Noticed an iron giant
  2553 | D        | a shard shrike changed into an iron giant
  2553 | D        | Noticed a shard shrike
  2554 | D        | Noticed a golden dragon
  2554 | D        | an iron giant changed into a golden dragon
  2554 | D        | Noticed a juggernaut
  2555 | D        | Noticed a juggernaut
  2555 | D        | a shard shrike changed into a juggernaut
  2555 | D        | Noticed a caustic shrike
  2555 | D        | a sphinx changed into a caustic shrike
  2555 | D        | Noticed a caustic shrike
  2555 | D        | an iron giant changed into a caustic shrike
  2556 | D        | Noticed a shard shrike
  2557 | D        | a caustic shrike changed into an iron dragon
  2557 | D        | Paralysed by a floating eye for 4 turns
  2558 | D        | a juggernaut changed into a titan
  2559 | D        | an iron giant changed into an iron dragon
  2560 | D        | a juggernaut changed into an acid blob
  2560 | D        | a caustic shrike changed into a frost giant
  2560 | D        | Noticed a golden dragon
  2560 | D        | a titan changed into a golden dragon
  2563 | D        | a shard shrike changed into a titan
  2564 | D        | a golden dragon changed into an acid blob
  2566 | D        | Noticed an iron giant
  2566 | D        | an iron dragon changed into an iron giant
  2566 | D        | Noticed an iron giant
  2566 | D        | a titan changed into an iron giant
  2567 | D        | Reached skill level 15 in Summonings
  2567 | D        | a golden dragon changed into a frost giant
  2570 | D        | Noticed a caustic shrike
  2570 | D        | an iron giant changed into a caustic shrike
  2571 | D        | an iron giant changed into an acid blob
  2573 | D        | Noticed a shard shrike
  2573 | D        | a caustic shrike changed into a shard shrike
  2576 | D        | Noticed an iron giant
  2576 | D        | an acid blob changed into an iron giant
  2576 | D        | Paralysed by a floating eye for 2 turns
  2577 | D        | Noticed an iron giant
  2577 | D        | an iron dragon changed into an iron giant
  2578 | D        | a shard shrike changed into a titan
  2579 | D        | Noticed a juggernaut
  2579 | D        | a titan changed into a juggernaut
  2579 | D        | Gained mutation: You occasionally shout uncontrollably at
                  | your foes. [a shining eye]
  2580 | D        | an iron giant changed into an iron dragon
  2580 | D        | Noticed a shard shrike
  2580 | D        | a juggernaut changed into a shard shrike
  2584 | D        | an iron giant changed into an iron dragon
  2594 | D        | Noticed a juggernaut
  2594 | D        | a shard shrike changed into a juggernaut
  2595 | D        | Noticed a caustic shrike
  2595 | D        | a titan changed into a caustic shrike
  2596 | D        | Noticed a caustic shrike
  2596 | D        | an iron dragon changed into a caustic shrike
  2596 | D        | a juggernaut changed into an acid blob
  2597 | D        | Noticed an iron giant
  2597 | D        | a caustic shrike changed into an iron giant
  2597 | D        | Noticed a golden dragon
  2597 | D        | an acid blob changed into a golden dragon
  2599 | D        | a caustic shrike changed into an iron dragon
  2600 | D        | an iron giant changed into an acid blob
  2608 | D        | a golden dragon changed into an acid blob
  2609 | D        | Reached XP level 20. HP: 153/153 MP: 3/49
  2621 | D        | Found a transporter.
  2647 | D        | Got the ring "Ippiheu" {rF+ MP+9}
  2649 | D        | Found the amulet of the Four Winds {rN+ MR+++ Clar}
  2791 | D        | Got the Orb of Zot
  2806 | D        | Escaped with the Orb!

Levels and vault maps discovered:
D:        sprint_v [room_start, room_1, room_2, room_3, room_4, room_5, room_6,
          room_7, room_8, room_9, room_10, room_11, room_12, room_13, room_14,
          room_15, room_16, room_17, room_18, room_19, room_20, room_21,
          room_22, room_23, room_24, room_25, room_26, room_27]

Skill      XL: |  1  2  3  4  5  6  7  8  9 10 11 12 13 14 15 16 17 18 19 20 |
---------------+-------------------------------------------------------------+-----
Fighting       | 4 7 9 10 12 13 15 17 18 19 20 22 23 24 25 | 25.5
Maces & Flails | 3 6 8 9 11 12 14 16 17 18 19 20 21 22 23 | 23.7
Armour         | 4 7 9 10 12 13 15 17 18 19 20 22 23 24 25 | 25.4
Dodging        | 2 4 9 12 14 17 19 20 22 | 22.5
Shields        | 4 8 12 14 15 | 15.2
Invocations    | 4 11 15 19 21 23 26 | 26.3
Evocations     | 7 12 16 | 16.7
Spellcasting   | 5 9 12 20 22 | 22.1
Summonings     | 17 19 | 19.1

Action                   |  1- 3 |  4- 6 |  7- 9 | 10-12 | 13-15 | 16-18 | 19-21 || total
-------------------------+-------+-------+-------+-------+-------+-------+-------++-------
Melee: Great mace        |     2 |     7 |    30 |   142 |   150 |   229 |   107 ||   667
       Headbutt          |       |       |       |       |    31 |    61 |    42 ||   134
Invok: Greater Servant o |       |       |       |       |       |       |     3 ||     3
 Abil: Evoke Berserk Rag |       |       |       |       |       |     1 |     1 ||     2
Evoke: Wand              |     1 |       |       |       |     1 |       |       ||     2
       Phantom mirror    |       |       |       |       |     1 |       |       ||     1
  Use: Potion            |     2 |       |     3 |     3 |    11 |     2 |     5 ||    26
 Stab: Invisible         |       |       |       |       |     3 |       |       ||     3
       Distracted        |       |       |       |       |       |       |     1 ||     1
  Eat: Chunk             |       |       |       |       |     3 |     3 |     3 ||     9
Armor: Plate armour      |     6 |    16 |    58 |   268 |   235 |   297 |   223 ||  1103
Dodge: Dodged            |     2 |    10 |    35 |   164 |   325 |   526 |   381 ||  1443

Table legend:
 A = Non-vault XP
 B = Vault XP
 C = Vault XP percentage of total XP
 D = Non-vault monster count
 E = Vault monster count
 F = Vault count percentage of total count
                 A         B        C        D         E       F
            +---------+---------+-------+---------+---------+-------
      Total |    4261 |  412407 |  99.0 |      15 |     519 |  97.2
            +---------+---------+-------+---------+---------+-------
          D |    4261 |  412407 |  99.0 |      15 |     519 |  97.2
            +---------+---------+-------+---------+---------+-------
